 Dungeon Crawl Stone Soup version 0.30-a0-222-ge547ba4400 (webtiles) character file.

Game seed: 4009650855681423788

49 qw the Chopper (level 3, 0/23 HPs)
             Began as a Gargoyle Fighter on Oct 8, 2022.
             Splashed by a jelly's acid (4 damage)
             ... on level 2 of the Dungeon.
             The game lasted 00:00:32 (979 turns).

qw the Chopper (Gargoyle Fighter)                    Turns: 979, Time: 00:00:33

Health: 0/23       AC:  3    Str: 21    XL:     3   Next: 75%
Magic:  3/3        EV:  5    Int:  8    God:
Gold:   25         SH:  4    Dex:  9    Spells: 2/2 levels left

rFire   . . .      SeeInvis .    Y - +1 war axe
rCold   . . .      Faith    .    c - +0 buckler
rNeg    + . .      Spirit   .    o - +0 plate armour
rPois   inf        Reflect  .    (no helmet)
rElec   +          Harm     .    (no cloak)
rCorr   .          Rampage  .    (no gloves)
Will    .....                    h - +0 pair of boots
Stlth   ..........               (no amulet)
HPRegen 0.23/turn                (no ring)
MPRegen 0.08/turn                (no ring)

@: about to teleport, corroded
A: sickness immunity, AC +3, negative energy resistance 1, electricity
resistance, torment resistance 1, petrification resistance
a: no special abilities


You were on level 2 of the Dungeon.
You visited 1 branch of the dungeon, and saw 2 of its levels.

You collected 70 gold pieces.
You spent 45 gold pieces at shops.


Innate Abilities, Weirdness & Mutations

You are immune to sickness and miasma.
Your stone body is resilient. (AC +3)
You are immune to poison.
You resist negative energy. (rN+)
You are resistant to electric shocks. (rElec)
You are resistant to unholy torment.
You are immune to petrification.


   Skills:
 - Level 3.2 Fighting
 + Level 3.6 Axes
 - Level 3.2 Armour
 - Level 3.2 Shields


You had 2 spell levels left.
You didn't know any spells.
Your spell library was empty.

Inventory:

Hand Weapons
 e - a +0 flail
 Y - a +1 war axe (weapon)
Armour
 c - a +0 buckler (worn)
 h - a +0 pair of boots (worn)
 o - a +0 plate armour (worn)
Scrolls
 a - 2 scrolls of teleportation
 m - 2 scrolls of identify
Potions
 b - a potion of flight {unknown}
 d - a potion of might
 f - a potion of cancellation
 g - a potion of mutation {unknown}
 i - a potion of attraction {unknown}
 n - a potion of magic {unknown}
 p - a potion of invisibility {unknown}

Dungeon Overview and Level Annotations

Branches:
Dungeon (2/15)

Altars:

Shops:
D:2 *


Message History

Things that are here:
a +0 short sword; a stone You now have 25 gold pieces (gained 6).
There is an open door here.
A kobold comes into view. It is wielding a +0 dagger.
The kobold shouts!
You hit the kobold.
You kill the kobold!
Things that are here:
a +0 dagger; a stone; a kobold corpse You open the door.
A jelly and 2 endoplasms come into view.
The endoplasm quivers.
Found two bat skeletons.
You hit the endoplasm.
The endoplasm is heavily wounded.
The endoplasm hits you but does no damage.
You slash the endoplasm!
You kill the endoplasm!
You slash the endoplasm!
You kill the endoplasm!
The jelly hits you but does no damage.
You hit the jelly.
Your hands burn!
The jelly is lightly wounded.
The jelly hits you but does no damage.
You slash the jelly! The acid corrodes you!
Your hands burn!
The jelly is heavily wounded.
The jelly hits you but does no damage.
You hit the jelly but do no damage.
Your hands burn!
The jelly is heavily wounded.
The jelly barely misses you. The jelly hits you.
You are splashed with acid!
You hit the jelly but do no damage. The acid corrodes you!
Your hands burn!
The jelly is heavily wounded.
The jelly hits you but does no damage.
978 ||| READING 3 scrolls of teleportation.
As you read the scroll of teleportation, it crumbles to dust.
You feel strangely unstable. You block the jelly's attack.
You hit the jelly. The acid corrodes you!
Your hands burn!
You die...

#.. #..
#.. #.P
#.% #%.
#J#######
###
#@....)##
#..
########.#
#.#####
#....'..##
#.#....
#....####
#.#....
#.......#
#.##...
#.......#
#..'...
#.......#
#.##...
#.......#
##.##...
##..)..##
##).####.


You could see a jelly.

Vanquished Creatures
  A worm (D:2)
  8 endoplasms
  6 goblins
  2 hobgoblins (D:1)
  4 jackals
  A quokka (D:1)
  A ball python (D:1)
  3 bats (D:1)
  3 frilled lizards (D:1)
  9 kobolds
  3 rats (D:1)
41 creatures vanquished.

Vanquished Creatures (others)
  2 plants (D:1)
  9 toadstools (D:2)
11 creatures vanquished.

Grand Total: 52 creatures vanquished

Notes
Turn   | Place    | Note
-------+----------+-------------------------------------------
     0 | D:1      | qw the Gargoyle Fighter began the quest for the Orb.
     0 | D:1      | Reached XP level 1. HP: 14/14 MP: 1/1
     0 | D:1      | 0 ||| qw: Version: 0.2-a-17-gfa9de96
     0 | D:1      | 0 ||| qw: Game counter: 2010
     0 | D:1      | 0 ||| qw: Always use a shield: true
     0 | D:1      | 0 ||| qw: God list: Okawaru
     0 | D:1      | 0 ||| qw: Allow faded altars: false
     0 | D:1      | 0 ||| qw: Do Orc after D:15 true
     0 | D:1      | 0 ||| qw: Do second Lair branch before Depths: true
     0 | D:1      | 0 ||| qw: Lair rune preference: random
     0 | D:1      | 0 ||| qw: Plans: Normal, Zot:1-4, God:TSO, Crypt, Tomb,
                  | Pan, Slime:5, Hells, Abyss, Orb
     0 | D:1      | 0 ||| PLANNING D:1-11
   257 | D:1      | Reached XP level 2. HP: 19/19 MP: 2/2
   420 | D:1      | 420 ||| Stepping ~*~*~tactically~*~*~ (stealth).
   507 | D:1      | Reached skill level 3 in Axes
   674 | D:1      | 674 ||| Stepping ~*~*~tactically~*~*~ (stealth).
   689 | D:1      | Reached XP level 3. HP: 22/23 MP: 3/3
   756 | D:1      | 756 ||| UPGRADING to +0 pair of boots.
   761 | D:1      | 761 ||| UPGRADING to +0 chain mail.
   771 | D:1      | 771 ||| DROPPING +0 scale mail.
   772 | D:1      | 772 ||| UPGRADING to +0 plate armour.
   782 | D:1      | 782 ||| DROPPING +0 chain mail.
   783 | D:1      | 783 ||| READING 3 scrolls labelled MOUVIO YNUC.
   788 | D:1      | 788 ||| READING scroll labelled GOZIUHE SEPREG.
   789 | D:1      | 789 ||| READING scroll labelled CAMOSU QAZOL.
   790 | D:1      | 790 ||| READING 3 scrolls labelled JALEXIFONO.
   791 | D:1      | 791 ||| DRINKING 2 fizzy coppery potions.
   792 | D:1      | 792 ||| READING 2 scrolls of identify.
   792 | D:1      | 792 ||| IDENTIFYING fuming dark potion
   793 | D:1      | 793 ||| DROPPING potion of brilliance.
   799 | D:2      | 799 ||| STAIRDANCE
   811 | D:2      | 811 ||| STAIRDANCE
   834 | D:2      | Found Oleurph's General Store.
   840 | D:2      | 840 ||| BUYING +0 flail (45 gold).
   840 | D:2      | Bought a +0 flail for 45 gold pieces
   840 | D:2      | 840 ||| SHOPLISTING amulet of Muyf {Spirit Str+4} (590
                  | gold, have 19).
   840 | D:2      | 840 ||| DROPPING +0 club.
   977 | D:2      | HP: 4/23 [acid (2)]
   978 | D:2      | 978 ||| READING 3 scrolls of teleportation.
   979 | D:2      | Splashed by a jelly's acid

Levels and vault maps discovered:
D:1:      nicolae_arrival_somewhat_less_tricky_arrival, layout_basic,
          serial_bayou_lagoon_a
D:2:      cheibrodos_fertilizer, layout_basic, serial_shops,
          nicolae_shop_competitors_out_of_business, nicolae_shop_crystal,
          nicolae_shop_temple_entry_statues_fountains, shop_statue,
          ebering_ecumenical_altar_ruins

Skill      XL: |  1  2 |
---------------+-------+-----
Axes           | 2 3 |  3.6
Fighting       | |  3.2
Armour         | |  3.2
Shields        | |  3.2

Action                   || total
-------------------------++-------
Melee: War axe           ||    96
  Use: Scroll            ||     6
       Potion            ||     1
Armor: Scale mail        ||    33
       Plate armour      ||    48
Dodge: Dodged            ||    16
Block: Buckler           ||    15

Table legend:
 A = Non-vault XP
 B = Vault XP
 C = Vault XP percentage of total XP
 D = Non-vault monster count
 E = Vault monster count
 F = Vault count percentage of total count
                 A         B        C        D         E       F
            +---------+---------+-------+---------+---------+-------
      Total |      56 |      14 |  20.0 |      32 |       9 |  22.0
            +---------+---------+-------+---------+---------+-------
        D:1 |      41 |       0 |   0.0 |      26 |       0 |   0.0
        D:2 |      15 |      14 |  48.3 |       6 |       9 |  60.0
            +---------+---------+-------+---------+---------+-------
